 Dungeon Crawl Stone Soup version 0.20.1-1-g8b1a95d (webtiles) character file.

207 dohliylev the Vexing (level 5, 0/35 HPs)
             Began as a Vampire Enchanter on Dec 7, 2017.
             Killed from afar by an orc wizard (6 damage)
             ... with a magic dart
             ... on level 4 of the Dungeon.
             The game lasted 00:14:58 (5070 turns).

dohliylev the Vexing (Vampire Enchanter)            Turns: 5070, Time: 00:15:00

Health: 0/35       AC:  5    Str:  7    XL:     5   Next: 54%
Magic:  0/8        EV: 13    Int: 18    God:
Gold:   216        SH:  0    Dex: 15    Spells: 0/9 levels left

rFire    . . .     SeeInvis +   a - +1 dagger
rCold    . . .     Gourm    .   (no shield)
rNeg     + . .     Faith    .   b - +0 robe
rPois    .         Spirit   +   (no helmet)
rElec    .         Reflect  .   (no cloak)
rCorr    .         Harm     .   (no gloves)
MR       .....                  (no boots)
Stlth    +++.......             k - amulet of guardian spirit
Regen    0.2/turn               j - +3 ring of protection
MPRegen  0.2/turn               (no ring)

@: no status effects
A: fangs 3, see invisible, unbreathing
a: Bat Form


You were on level 4 of the Dungeon.
You were not thirsty.

You visited 1 branch of the dungeon, and saw 4 of its levels.

You collected 216 gold pieces.

Inventory:

Hand Weapons
 a - a +1 dagger (weapon)
 q - a +0 dagger
Armour
 b - a +0 robe (worn)
Jewellery
 j - a +3 ring of protection (left hand)
 k - an amulet of guardian spirit (around neck)
Wands
 u - a wand of confusion (17/48)
Scrolls
 e - 3 scrolls of remove curse {unknown}
 g - 3 scrolls of enchant weapon {unknown}
 h - 3 scrolls of recharging {unknown}
 o - 7 scrolls of teleportation {unknown}
 v - 2 scrolls of random uselessness {unknown}
 w - a scroll of enchant armour {unknown}
Potions
 d - 3 potions of blood
 f - 3 potions of curing {unknown}
 i - a potion of mutation {unknown}
 l - a potion of brilliance {unknown}
 m - a potion of agility {unknown}
 n - a potion of haste {unknown}
 p - 2 potions of flight {unknown}
 r - a potion of cancellation {unknown}
 s - a potion of ambrosia {unknown}
 t - 2 potions of lignification {unknown}
Books
 c - a book of Maledictions

   Spells                             Type                      Level
   a - Corona                         Hexes                        1
   b - Ensorcelled Hibernation        Hexes/Ice                    2
   c - Confuse                        Hexes                        3
   d - Tukima's Dance                 Hexes                        3
   e - Dazzling Spray                 Conjuration/Hexes            3


   Skills:
 + Level 3.0 Short Blades
 + Level 2.9 Dodging
 + Level 5.4 Stealth
 + Level 2.6 Spellcasting
 - Level 6.0 Hexes
 + Level 1.4 Ice Magic


You couldn't memorise any spells.
You knew the following spells:

 Your Spells              Type           Power        Failure   Level  Hunger
a - Corona                Hex            ###....      1%          1    #......
b - Ensorcelled Hibernat  Hex/Ice        ###...       5%          2    ##.....
c - Confuse               Hex            ###.....     4%          3    ###....
d - Dazzling Spray        Conj/Hex       ##....       14%         3    ###....


Dungeon Overview and Level Annotations

Branches:
Dungeon (4/15)
 Temple: D:4-7

Altars:
Cheibriados
Dithmenos
Gozag
Okawaru

Annotations:
D:4 dscm's ghost, amateur OpEE


Innate Abilities, Weirdness & Mutations

You have razor-sharp teeth.
You have supernaturally acute eyesight. (SInv)
You can survive without breathing.


Message History

The magic dart hits you!
Things that are here:
a trident; a leather armour
Casting: Ensorcelled Hibernation
Confirm with . or Enter, or press ? or * to list all spells.
You don't have enough magic to cast that spell.
Firing (i - inventory): No suitable missiles.
Press: ? - help, Shift-Dir - straight line, f/p - orc wizard
Aim: an orc wizard, wielding a dagger and wearing a robe (fast)
Okay, then.
The orc wizard gestures at you while chanting.
The magic dart hits you!
* * * LOW HITPOINT WARNING * * *
You don't have enough magic at the moment.
The orc wizard is no longer moving quickly.
The orc wizard gestures at you while chanting.
You resist with some effort. The orc wizard casts a spell at you.
The magic dart hits you!
You die...

##.# # #.(# # #######.##
## . #........# #####.
.####.......# #####.....
..# #.......#
#######.....#### ..#
##......######.......#####
#
..####...............#####
# .......)...o..o.@.####
....)###.......#### .....#
##..##### ..).## ##..#
...## ##...# ..## #....#
..# ...... .## #..... ##
#....


You could see an orc wizard and an orc.

Vanquished Creatures
  An orc wizard (D:4)
  9 adders
  An ooze (D:3)
  2 worms
  A dart slug (D:1)
  3 leopard geckos (D:2)
  6 orcs
  5 bats
  4 giant cockroaches
  9 goblins
  12 hobgoblins
  10 jackals
  A quokka (D:2)
  3 ball pythons
  6 frilled lizards
  8 kobolds
  7 rats
88 creatures vanquished.

Notes
Turn   | Place    | Note
-------+----------+-------------------------------------------
     0 | D:1      | dohliylev the Vampire Enchanter began the quest for the Orb.
     0 | D:1      | Reached XP level 1. HP: 13/13 MP: 3/3
   345 | D:1      | Reached XP level 2. HP: 14/19 MP: 5/5
   349 | D:1      | Learned a level 2 spell: Ensorcelled Hibernation
   458 | D:1      | Reached skill level 5 in Hexes
  1177 | D:2      | Reached XP level 3. HP: 20/24 MP: 0/6
  1275 | D:2      | HP: 1/24 [quokka (1)]
  1582 | D:2      | Reached skill level 5 in Stealth
  2080 | D:2      | Reached XP level 4. HP: 21/30 MP: 1/7
  2394 | D:2      | Found an iron altar of Okawaru.
  3189 | D:3      | Found an opulent altar of Gozag.
  3190 | D:3      | Found a snail-covered altar of Cheibriados.
  3190 | D:3      | Found a shadowy altar of Dithmenos.
  3236 | D:3      | Reached skill level 1 in Ice Magic
  3602 | D:3      | Reached XP level 5. HP: 35/35 MP: 3/8
  4251 | D:3      | Reached skill level 6 in Hexes
  4560 | D:3      | Learned a level 3 spell: Confuse
  4564 | D:3      | Learned a level 3 spell: Dazzling Spray
  4823 | D:4      | Noticed dscm's ghost (amateur OpEE)
  5070 | D:4      | Killed from afar by an orc wizard

Skill      XL: |  1  2  3  4  5 |
---------------+----------------+-----
Hexes          | 5 6 |  6.0
Short Blades   | 2 3 |  3.0
Stealth        | 5 |  5.4
Ice Magic      | 1 |  1.4
Dodging        | |  2.9
Spellcasting   | |  2.6

Action                   |  1- 3 |  4- 6 || total
-------------------------+-------+-------++-------
Melee: Dagger            |   137 |   171 ||   308
       Bite              |     9 |    13 ||    22
 Cast: Corona            |     8 |     7 ||    15
       Ensorcelled Hiber |    21 |    61 ||    82
 Abil: End Transformatio |       |     1 ||     1
       Bat Form          |       |     1 ||     1
 Stab: Sleeping          |    20 |    29 ||    49
  Eat: Corpse            |    11 |    11 ||    22
Armor: Robe              |    37 |    40 ||    77
Dodge: Dodged            |   112 |   133 ||   245
